 Dungeon Crawl Stone Soup version 0.29-a0-323-g050149af67 (webtiles) character file.

Game seed: 14850810269783064092

1497 spaghetti the Magician (level 8, 0/62 HPs)
             Began as a Naga Fire Elementalist on Apr 11, 2022.
             Was an Initiate of Gozag.
             Shot with an arrow by a centaur (4 damage)
             ... on level 6 of the Dungeon.
             The game lasted 00:09:53 (5205 turns).

spaghetti the Magician (Naga Fire Elementalist)     Turns: 5205, Time: 00:09:53

Health: 0/62       AC:  8    Str: 15    XL:     8   Next: 81%
Magic:  6/18       EV:  9    Int: 19    God:    Gozag
Gold:   327        SH:  0    Dex: 18    Spells: 10/21 levels left

rFire   + . .      SeeInvis +   w - staff of fire {!astaff}
rCold   . . .      Faith    .   (no shield)
rNeg    + . .      Spirit   .   B - +0 ring mail of Parlour Games {Str+5 Dex+7}
rPois   +          Reflect  .   C - +2 helmet
rElec   .          Harm     .   (no cloak)
rCorr   .          Rampage  .   (no gloves)
Will    +....                   (no barding)
Stlth   ++........              g - amulet of magic regeneration {@e2}
HPRegen 0.20/turn               n - ring of positive energy
MPRegen 0.56/turn               F - +4 ring of slaying

@: gold aura, very slow
A: AC +2, large, see invisible, deformed body, poison resistance, slowness 2,
spit poison 1, naga tail 1
a: Spit Poison, Renounce Religion, Potion Petition, Call Merchant, Bribe Branch


You were on level 6 of the Dungeon.
You worshipped Gozag.
Gozag was aware of your devotion.
You visited 2 branches of the dungeon, and saw 7 of its levels.

You collected 395 gold pieces.
You paid 68 gold pieces to Gozag.


Innate Abilities, Weirdness & Mutations

Your serpentine skin is tough. (AC +2)
You have supernaturally acute eyesight. (SInv)
Armour fits poorly on your strangely shaped body.
Your system is resistant to poisons. (rPois)
You cover ground very slowly.
You can spit poison.
You have a snake-like lower body.


   Skills:
 - Level 1.5 Dodging
 - Level 3.0 Stealth
 - Level 7.0 Spellcasting
 + Level 4.5 Conjurations
 - Level 3.0 Hexes
 + Level 6.1 Fire Magic


You had 10 spell levels left.
You knew the following spells:

 Your Spells              Type           Power      Damage    Failure   Level
a - Foxfire               Conj/Fire      100%       2x1d9     2%          1
b - Inner Flame           Hex/Fire       35%        N/A       10%         3
c - Flame Wave            Conj/Fire      40%        2d9       22%         4
d - Conjure Flame         Conj/Fire      40%        6-21      7%          3

Your spell library contained the following spells:

 Spells                   Type           Power      Damage    Failure   Level
 Scorch                   Fire           88%        2d9       2%          2
 Beastly Appendage        Tmut           12%        N/A       21%         1
 Wereblood                Tmut           6%         N/A       30%         2
 Spider Form              Tmut/Pois      6%         N/A       52%         3

Inventory:

Hand Weapons
 c - a +0 dagger {short}
   (You took it off a kobold on level 1 of the Dungeon)
 f - a +1 mace of protection {mace}
   (You found it on level 1 of the Dungeon)
 p - a +2 vorpal flail {mace}
   (You took it off an orc on level 4 of the Dungeon)
 r - a +3 short sword {short}
   (You took it off a kobold on level 4 of the Dungeon)
Missiles
 d - 239 stones {throwing}
 h - 8 poisoned darts {throwing}
 t - a boomerang {throwing}
Armour
 a - a +0 robe
 B - the +0 ring mail of Parlour Games (worn) {Str+5 Dex+7}
   (You found it on level 5 of the Dungeon)

   Str:       It affects your strength (+5).
   Dex:       It affects your dexterity (+7).
 C - a +2 helmet (worn)
   (You found it on level 6 of the Dungeon)
Magical Staves
 v - a staff of cold {!astaff}
   (You found it on level 4 of the Dungeon)
 w - a staff of fire (weapon) {!astaff}
   (You found it on level 5 of the Dungeon)
Jewellery
 g - an amulet of magic regeneration (around neck) {@e2}
   (You found it on level 1 of the Dungeon)
 n - a ring of positive energy (left hand)
   (You found it on level 3 of the Dungeon)
 q - a ring of resist corrosion
   (You found it on level 4 of the Dungeon)
 F - a +4 ring of slaying (right hand)
   (You found it on level 6 of the Dungeon)
Wands
 E - a wand of flame (26)
   (You found it on level 6 of the Dungeon)
Scrolls
 e - 2 scrolls of noise {!r}
 k - a scroll of torment {!r}
 l - 2 scrolls of summoning
 o - 2 scrolls of vulnerability {unknown}
 s - 2 scrolls of blinking {unknown}
 x - 2 scrolls of teleportation {unknown}
 y - 2 scrolls of fog
 D - a scroll of silence {!r}
Potions
 b - a potion of magic
 i - a potion of berserk rage {!q}
 j - 6 potions of curing {@q1}
 m - a potion of flight
 u - 3 potions of degeneration {unknown}
 z - a potion of haste {unknown}
 A - a potion of heal wounds {unknown}

Dungeon Overview and Level Annotations

Branches:
Dungeon (6/15)             Temple (1/1) D:5

Altars:
Dithmenos
Elyvilon
Fedhas
Gozag
Hepliaklqana
Kikubaaqudgha
Makhleb
Nemelex Xobeh
Okawaru
Qazlal
Ru
Sif Muna
Trog
Uskayaw
Vehumet
Xom
Yredelemnul ###. .# .#.##.# .....# #....# ....# Jc.

#$# #@# #.# ### ##'##
#.. ##...## #.####
##.....### #.##.##
##..........
#.#...####.........##
#........'......>..+
#.#...####.........#


You could see a centaur and a jelly.


Message History

You lost 1 mp, and now have 10/18 mp.
You start resting.
Your magical contamination has completely faded away. 😕 HP[+1] MP[+3]
You regained 3 mp, and now have 13/18 mp.
You start resting. 😕 HP[+2] MP[+5]
You regained 2 hp, and now have 49/62 hp.
Your mp is fully restored (18).
Key pressed, stopping explore.
You now have 327 gold pieces (gained 17).
You see here a +0 giant club {mace}. 😎 HP[+13]
Your hp is fully restored (62).
d - 221 stones {throwing} (gained 17)
d - 239 stones {throwing} (gained 18) Key pressed, stopping explore.
Key pressed, stopping explore.
You open the door.
Found a stone staircase leading down.
There is an open door here.
You open the door.
There is an open door here.
A two-headed ogre comes into view.
It is wielding two +0 giant spiked clubs.
The two-headed ogre shouts in stereo!
A two-headed ogre is nearby!
Unknown command.
Casting: Flame Wave (quite dangerous; 22% risk of failure)
Confirm with . or Enter, or press ? or * to list all spells.
The spell is quite dangerous to miscast (22% risk of failure)!
Continue anyway?
Casting: Flame Wave (quite dangerous; 22% risk of failure)
Press: ? - help, Dir - look around, f - activate You feel a surge of power!
A wave of flame ripples out! (Press . to intensify the flame waves.)
You hear a shout! 😎 MP[-3]
You lost 3 mp, and now have 15/18 mp.
A wave of flame ripples out!
The flame wave engulfs the two-headed ogre! 😎 MP[-1]
You lost 1 mp, and now have 14/18 mp.
A wave of flame ripples out!
The flame wave engulfs the two-headed ogre.
You finish channelling waves of flame.
A jelly comes into view.
The two-headed ogre hits you with a +0 giant spiked club!!
The two-headed ogre hits you with a +0 giant spiked club!
* * * LOW HITPOINT WARNING * * *
😨 HP[-33]
You take 33 damage, and now have 29/62 hp.
MASSIVE DAMAGE!! (PAUSE)
Casting: Flame Wave (quite dangerous; 22% risk of failure)
Confirm with . or Enter, or press ? or * to list all spells.
The spell is quite dangerous to miscast (22% risk of failure)!
Continue anyway?
Okay, then.
Casting: Flame Wave (quite dangerous; 22% risk of failure)
Confirm with . or Enter, or press ? or * to list all spells.
The spell is quite dangerous to miscast (22% risk of failure)!
Continue anyway?
Casting: Flame Wave (quite dangerous; 22% risk of failure)
Press: ? - help, Dir - look around, f - activate You feel a surge of power!
A wave of flame ripples out!
The flame wave engulfs the two-headed ogre. (Press . to intensify the flame waves.)
A centaur comes into view. 😨 MP[-4]
You lost 4 mp, and now have 10/18 mp.
A wave of flame ripples out!
The flame wave engulfs the two-headed ogre!
The flame wave engulfs the centaur!
The two-headed ogre barely misses you.
The two-headed ogre hits you with a +0 giant spiked club!!
* * * LOW HITPOINT WARNING * * *
😱 HP[-25]
You take 25 damage, and now have 4/62 hp.
MASSIVE DAMAGE!! (PAUSE)
A wave of flame ripples out!
The flame wave engulfs the two-headed ogre!
The flame wave engulfs the centaur!
The flame wave engulfs the jelly.
You finish channelling waves of flame.
The two-headed ogre barely misses you. x2 😱 MP[-1]
You lost 1 mp, and now have 9/18 mp.
Unknown command.
Okay, then.
Okay, then.
That's the wrong kind of item! (Use * to select it.) Evoke which item? (* to show all) (? for menu, Esc to quit)
Okay, then.
Unknown command.
Casting: Flame Wave (quite dangerous; 22% risk of failure)
Confirm with . or Enter, or press ? or * to list all spells.
The spell is quite dangerous to miscast (22% risk of failure)!
Continue anyway?
Casting: Flame Wave (quite dangerous; 22% risk of failure)
Press: ? - help, Dir - look around, f - activate You feel a surge of power!
A wave of flame ripples out!
The flame wave engulfs the two-headed ogre!
You kill the two-headed ogre! (Press . to intensify the flame waves.)
The centaur wields a +0 shortbow.
The centaur shoots an arrow.
The arrow hits you.
You die...
Your body crumbles into a pile of gold.

Skill      XL: |  1  2  3  4  5  6  7  8 |
---------------+-------------------------+-----
Spellcasting   | 3 4 5 7 |  7.0
Hexes          | 1 2 3 |  3.0
Fire Magic     | 4 6 |  6.1
Conjurations   | 4 |  4.5
Dodging        | |  1.5
Stealth        | |  3.0

Action                   |  1- 3 |  4- 6 |  7- 9 || total
-------------------------+-------+-------+-------++-------
Melee: Unarmed           |     5 |       |       ||     5
       Dagger            |    23 |     8 |       ||    31
       Staff             |       |       |     9 ||     9
 Cast: Foxfire           |    83 |    84 |   138 ||   305
       Flame Wave        |       |       |     8 ||     8
 Abil: Spit Poison       |    12 |     5 |       ||    17
  Use: Potion            |     1 |       |       ||     1
       Scroll            |       |     7 |     2 ||     9
 Stab: Sleeping          |     1 |       |     1 ||     2
Armor: Robe              |     3 |     2 |     8 ||    13
       Ring mail         |       |       |     2 ||     2
Dodge: Dodged            |    18 |    11 |    16 ||    45

Levels and vault maps discovered:
D:1:      amcnicky_arrival_choice, layout_basic
D:2:      layout_rooms
D:3:      layout_basic, chequers_serial_rivers_micro_c, serial_bayou_pond_e,
          hangedman_decor_clover_reticule, chequers_serial_rivers_micro_d,
          minmay_statues_item
D:4:      layout_rooms, nicolae_qazlal_eye_of_the_storm, uniq_eustachio,
          uniq_grinder
D:5:      layout_rooms, temple_doors_e
D:6:      layout_loops_corners, roderic_batcave
Temple:   nicolae_temple_elliptical

Notes
Turn   | Place    | Note
-------+----------+-------------------------------------------
     0 | D:1      | spaghetti the Naga Fire Elementalist began the quest for
                  | the Orb.
     0 | D:1      | Reached XP level 1. HP: 15/15 MP: 3/3
     0 | D:1      | magus.rc [v1.9.6]
   188 | D:1      | Reached XP level 2. HP: 19/22 MP: 1/5
   403 | D:1      | HP: 5/22 [dart slug (1)]
   591 | D:1      | Reached skill level 3 in Spellcasting
   939 | D:1      | Reached XP level 3. HP: 28/28 MP: 5/7
   943 | D:1      | Learned a level 3 spell: Inner Flame
  1484 | D:2      | Reached XP level 4. HP: 35/36 MP: 9/9
  1711 | D:3      | Noticed a sky beast
  1724 | D:3      | Killed a sky beast
  1725 | D:3      | Reached skill level 4 in Spellcasting
  1725 | D:3      | Reached skill level 1 in Hexes
  1725 | D:3      | Reached XP level 5. HP: 34/42 MP: 3/11
  2677 | D:4      | Noticed Eustachio
  2688 | D:4      | Killed Eustachio
  2689 | D:4      | Reached skill level 2 in Hexes
  2689 | D:4      | Reached skill level 4 in Fire Magic
  2689 | D:4      | Reached XP level 6. HP: 49/49 MP: 5/13
  2713 | D:4      | Noticed an orc warrior
  2726 | D:4      | Killed an orc warrior
  2727 | D:4      | Reached skill level 5 in Spellcasting
  2727 | D:4      | Reached skill level 3 in Hexes
  2731 | D:4      | Reached XP level 7. HP: 41/55 MP: 15/15
  2820 | D:4      | Noticed Grinder
  2839 | D:4      | Killed Grinder
  2840 | D:4      | Reached skill level 6 in Spellcasting
  2972 | D:4      | Found a stormy altar of Qazlal.
  3537 | D:5      | Entered Level 5 of the Dungeon
  3615 | D:5      | Reached skill level 7 in Spellcasting
  3615 | D:5      | Reached XP level 8. HP: 62/62 MP: 13/18
  3657 | D:5      | Found a staircase to the Ecumenical Temple.
  3662 | Temple   | Entered the Ecumenical Temple
  3817 | Temple   | Became a worshipper of Gozag Ym Sagoz the Greedy
  3913 | D:5      | Reached skill level 2 in Conjurations
  3918 | D:5      | Learned a level 4 spell: Flame Wave
  3950 | D:5      | You pick up a book of Changes and begin reading...
  3950 | D:5      | You add the spells Beastly Appendage, Wereblood and Spider
                  | Form to your library.
  3982 | D:5      | Identified the +0 ring mail of Parlour Games {Str+5 Dex+7}
  4151 | D:5      | Reached skill level 3 in Conjurations
  4151 | D:5      | Reached skill level 5 in Fire Magic
  4764 | D:6      | Learned a level 3 spell: Conjure Flame
  4827 | D:6      | Reached skill level 4 in Conjurations
  5053 | D:6      | Reached skill level 6 in Fire Magic
  5198 | D:6      | Noticed a two-headed ogre
  5203 | D:6      | HP: 4/62 [two-headed ogre/+0 giant spiked club (25)]
  5205 | D:6      | Killed a two-headed ogre
  5205 | D:6      | Shot with an arrow by a centaur

Vanquished Creatures
  A two-headed ogre (D:6)
  Grinder (D:4)
  Eustachio (D:4)
  2 ice beasts
  3 black bears (D:5)
  2 sky beasts
  An ogre (D:6)
  A hound (D:4)
  A jelly (D:5)
  2 iguanas (D:6)
  An orc wizard (D:4)
  8 adders
  A shadow imp (D:5)
  An ufetubus (D:6)
  A worm (D:3)
  3 dart slugs
  7 orcs (D:4)
  14 bats
  8 endoplasms
  2 giant cockroaches
  6 hobgoblins
  3 quokkas
  8 ball pythons
  2 frilled lizards (D:3)
  6 goblins
  10 kobolds
  7 rats
103 creatures vanquished.

Vanquished Creatures (collateral kills)
  An orc warrior (D:4)
  An orc priest (D:4)
  An orc (D:4)
3 creatures vanquished.

Vanquished Creatures (others)
  507 foxfires
507 creatures vanquished.

Grand Total: 613 creatures vanquished

Table legend:
 A = Non-vault XP
 B = Vault XP
 C = Vault XP percentage of total XP
 D = Non-vault monster count
 E = Vault monster count
 F = Vault count percentage of total count
                 A         B        C        D         E       F
            +---------+---------+-------+---------+---------+-------
      Total |    2475 |     502 |  16.9 |      97 |       9 |   8.5
            +---------+---------+-------+---------+---------+-------
        D:1 |      42 |       0 |   0.0 |      24 |       0 |   0.0
        D:2 |      61 |       0 |   0.0 |      21 |       0 |   0.0
        D:3 |     167 |       0 |   0.0 |      12 |       0 |   0.0
        D:4 |     304 |     492 |  61.8 |      24 |       2 |   7.7
        D:5 |     707 |       0 |   0.0 |       8 |       0 |   0.0
        D:6 |    1194 |      10 |   0.8 |       8 |       7 |  46.7
            +---------+---------+-------+---------+---------+-------

Illustrated notes

Table legend:
 A = Kills in this place as a percentage of kills in entire the game.
 B = Kills by you in this place as a percentage of kills by you in the entire game.
 C = Kills by friends in this place as a percentage of kills by friends in the entire game.
 D = Other kills in this place as a percentage of other kills in the entire game.
 E = Experience gained in this place as a percentage of experience gained in the entire game.
 F = Experience gained in this place divided by the number of levels of this place that you have seen.
                   A       B       C       D       E      F
               +-------+-------+-------+-------+-------+----------------------
         Total | 100.0 | 100.0 | 100.0 |   N/A | 100.0 | 425.3
       Dungeon | 100.0 | 100.0 | 100.0 |   N/A | 100.0 | 496.2
               +-------+-------+-------+-------+-------+----------------------

Table legend: (Time is in decaauts)
 A = Elapsed time spent in this place.
 B = Non-inter-level travel time spent in this place.
 C = Inter-level travel time spent in this place.
 D = Time resting spent in this place.
 E = Time spent auto-exploring this place.
 F = Levels seen in this place.
 G = Mean time per level.
                   A        B        C        D        E       F      G
               +--------+--------+--------+--------+--------+-----+--------+
         Total |   6420 |   6116 |    304 |    490 |   4803 |   7 |  917.1 |
       Dungeon |   6154 |   5914 |    240 |    490 |   4620 |   6 | 1025.7 |
        Temple |    266 |    202 |     64 |      0 |    183 |   1 |  266.0 |
               +--------+--------+--------+--------+--------+-----+--------+

Top non-repeatable levels by time:
     D:3: 1249 daAuts
     D:1: 1240 daAuts
     D:4: 1067 daAuts
     D:6: 978 daAuts
     D:5: 900 daAuts
     D:2: 718 daAuts
  Temple: 266 daAuts
